 Dungeon Crawl Stone Soup version 0.27-a0-1513-g2aaa0cc67b (webtiles) character file.

Game seed: 5275431535038555138

39 bilbop the Caller (level 3, -1/20 HPs)
             Began as a Kobold Summoner on July 10, 2021.
             Succumbed to an adder's poison
             ... on level 2 of the Dungeon.
             The game lasted 00:10:39 (2427 turns).

bilbop the Caller (Kobold Summoner)                 Turns: 2427, Time: 00:10:40

Health: -1/20      AC:  2    Str:  5    XL:     3   Next: 70%
Magic:  3/6        EV: 15    Int: 17    God:
Gold:   83         SH:  0    Dex: 15    Spells: 4/7 levels left

rFire    . . .     SeeInvis .   a - +0 dagger
rCold    . . .     Faith    .   (shield restricted)
rNeg     . . .     Spirit   .   b - +0 robe
rPois    .         Reflect  .   (no helmet)
rElec    .         Harm     .   (no cloak)
rCorr    .         Rampage  .   (no gloves)
Will     .....                  (no boots)
Stlth    +++.......             (no amulet)
HPRegen  0.06/turn              (no ring)
MPRegen  0.10/turn              (no ring)

@: lethally poisoned (-1 -> -7)
A: small, no large weapons, nightstalker 3
a: no special abilities


You were on level 2 of the Dungeon.
You visited 1 branch of the dungeon, and saw 2 of its levels.

You collected 83 gold pieces.

Inventory:

Hand Weapons
 a - a +0 dagger (weapon)
Armour
 b - a +0 robe (worn)
Scrolls
 c - 2 scrolls of noise {unknown}
Potions
 d - a potion of might {unknown}
 e - a potion of lignification {unknown}
 f - a potion of curing {unknown}


   Skills:
 + Level 1.0 Fighting
 + Level 1.4 Short Blades
 + Level 3.0 Dodging
 + Level 3.3 Stealth
 + Level 2.5 Spellcasting
 + Level 4.1 Summonings


You had 4 spell levels left.
You knew the following spells:

 Your Spells              Type           Power      Damage    Failure   Level
a - Summon Small Mammal   Summ           64%        N/A       3%          1
b - Call Imp              Summ           16%        N/A       4%          2

Your spell library contained the following spells:

 Spells                   Type           Power      Damage    Failure   Level
 Call Canine Familiar     Summ           16%        N/A       10%         3
 Summon Guardian Golem    Hex/Summ       9%         N/A       24%         3
 Summon Lightning Spire   Summ/Air       9%         N/A       61%         4
 Borgnjor's Revivificati  Necr           1%         N/A       100%        8
 Necromutation            Tmut/Necr      1%         N/A       100%        8
 Death's Door             Necr           1%         N/A       100%        9


Dungeon Overview and Level Annotations

Branches:
Dungeon (2/15)

Altars:

Annotations:
D:2 1 runed translucent door, Crazy Yiuf


Innate Abilities, Weirdness & Mutations

You are small and have problems with some larger weapons.
You are completely attuned to the shadows.


Message History

Something barely misses your crimson imp.
The adder bites your crimson imp. The rat misses you.
Something misses your crimson imp.
Your crimson imp closely misses the adder.
You hit the rat.
You kill the rat!
Your crimson imp barely misses the goblin.
The adder bites your crimson imp.
Something barely misses your crimson imp. x2
Your Dodging skill increases to level 3!
Your crimson imp blinks!
Things that are here:
a +0 dagger; a rat corpse
Casting: Call Imp (safe; 4% risk of failure)
Confirm with . or Enter, or press ? or * to list all spells.
You miscast Call Imp.
You are very lightly contaminated with residual magic.
Nothing appears to happen.
The adder barely misses you. The adder bites you.
* * * LOW HITPOINT WARNING * * *
You are poisoned.
The adder poisons you!
You feel sick.
You feel sick.
You feel sick. The adder completely misses you.
You feel sick.
You are no longer poisoned.
Your magical contamination has completely faded away.
The adder barely misses you.
Found a short sword.
The adder barely misses you. The adder bites you but does no damage.
Found an encrusted glass ring.
The adder bites you.
* * * LOW HITPOINT WARNING * * *
You are lethally poisoned!
The adder poisons you!
You hit the adder.
The adder is moderately wounded.
You die...

#......... .#..#...##.
.........+. ....#...##
#####....# #...#...##
.......#.# #.#........
.=......#.#..........
#..#......)g§#5.....
###.S@..##.##rg.r.....
#...###.#...#.###g....
#.#.# ....$....(#.#.#.
#...###.#...#†###...#.
###.....##.##.........
#..#.........#..####
#......#.#......####
#)#..#.# #.#....)..5
#.#....###....#.####


You could see an adder.

Vanquished Creatures
  2 dart slugs (D:1)
  4 ball pythons
  An endoplasm (D:2)
  2 giant cockroaches
  2 goblins
  A jackal (D:1)
  2 frilled lizards (D:1)
  2 kobolds
  7 rats
  A spectral goblin (D:1)
24 creatures vanquished.

Vanquished Creatures (collateral kills)
  A bat (D:2)
  2 endoplasms
  3 goblins
  2 hobgoblins
  3 jackals (D:1)
  A quokka (D:2)
  2 ball pythons
  A kobold (D:1)
  2 rats (D:1)
17 creatures vanquished.

Vanquished Creatures (others)
  7 plants (D:2)
7 creatures vanquished.

Grand Total: 48 creatures vanquished

Notes
Turn   | Place    | Note
-------+----------+-------------------------------------------
     0 | D:1      | bilbop the Kobold Summoner began the quest for the Orb.
     0 | D:1      | Reached XP level 1. HP: 10/10 MP: 3/3
   537 | D:1      | Reached XP level 2. HP: 12/16 MP: 1/5
   719 | D:1      | Found a faded altar of an unknown god.
   862 | D:1      | Reached skill level 1 in Short Blades
   968 | D:1      | Reached XP level 3. HP: 20/20 MP: 6/6
  1246 | D:1      | Learned a level 2 spell: Call Imp
  1864 | D:2      | Found a runed translucent door.
  1867 | D:2      | Noticed Crazy Yiuf
  2390 | D:2      | Reached skill level 1 in Fighting
  2426 | D:2      | HP: 1/20 [adder (2)]
  2427 | D:2      | Succumbed to an adder's poison

Illustrated notes

Levels and vault maps discovered:
D:1:      elethiomel_arrival_quiet, layout_loops_corners,
          dreamdust_ecumenical_altar_drowned_temple, minmay_close_crescents
D:2:      wad_lake_hut, layout_basic, minmay_fractal_squares_5,
          uniq_crazy_yiuf_cottage, uniq_robin

Skill      XL: |  1  2  3 |
---------------+----------+-----
Stealth        | 3 |  3.3
Short Blades   | 1 |  1.4
Fighting       | 1 |  1.0
Dodging        | 3 |  3.0
Spellcasting   | |  2.5
Summonings     | |  4.1

Action                   || total
-------------------------++-------
Melee: Unarmed           ||    14
       Dagger            ||    60
 Cast: Summon Small Mamm ||    17
       Call Imp          ||     8
 Stab: Sleeping          ||    16
Armor: Robe              ||    14
Dodge: Dodged            ||    73

Table legend: (Time is in decaauts)
 A = Elapsed time spent in this place.
 B = Non-inter-level travel time spent in this place.
 C = Inter-level travel time spent in this place.
 D = Time resting spent in this place.
 E = Time spent auto-exploring this place.
 F = Levels seen in this place.
 G = Mean time per level.
                   A        B        C        D        E       F      G
               +--------+--------+--------+--------+--------+-----+--------+
         Total |   2428 |   2363 |     65 |      0 |   2063 |   2 | 1214.0 |
       Dungeon |   2428 |   2363 |     65 |      0 |   2063 |   2 | 1214.0 |
               +--------+--------+--------+--------+--------+-----+--------+

Top non-repeatable levels by time:
     D:1: 1589 daAuts
     D:2: 838 daAuts
